 Dungeon Crawl Stone Soup version 0.29-a0-418-gc0181ea820 (webtiles) character file.

Game seed: 11538160234359596270

9712 hquester the Schismatic (level 11, -7/87 HPs)
             Began as a Demonspawn Abyssal Knight on May 17, 2022.
             Was an Elder of Lugonu.
             Mangled by a six-headed hydra (10 damage)
             ... on level 11 of the Dungeon.
             The game lasted 00:35:33 (12826 turns).

hquester the Schismatic (DsAK)                     Turns: 12826, Time: 00:35:33

Health: -7/87      AC: 19    Str: 19    XL:     11   Next: 26%
Magic:  19/19      EV:  8    Int: 13    God:    Lugonu [****..]
Gold:   684        SH:  4    Dex: 17    Spells: 10/10 levels left

rFire   + . .      SeeInvis .   g - +2 dagger (elec)
rCold   x . .      Faith    .   y - +0 buckler
rNeg    . . .      Spirit   .   m - +0 plate armour
rPois   +          Reflect  .   (helmet restricted)
rElec   .          Harm     .   (no cloak)
rCorr   .          Rampage  .   t - +1 pair of gloves
Will    .....                   (no boots)
Stlth   ..........              (no amulet)
HPRegen 0.24/turn               r - +6 ring of strength
MPRegen 0.16/turn               l - ring of fire

@: about to teleport
A: antennae 2, slimy green scales 3, spiny 3
a: Renounce Religion, Depart the Abyss, Bend Space, Banish, Corrupt


You were on level 11 of the Dungeon.
You worshipped Lugonu.
Lugonu was greatly pleased with you.
You visited 2 branches of the dungeon, and saw 12 of its levels.
You visited the Abyss 1 time.

You collected 684 gold pieces.

Inventory:

Hand Weapons
 a - a +1 short sword
 g - a +2 dagger of electrocution (weapon)
Armour
 m - a +0 plate armour (worn)
 t - a +1 pair of gloves (worn)
 y - a +0 buckler (worn)
 C - a +0 troll leather armour
 P - a +0 troll leather armour
Jewellery
 f - a ring of ice
 l - a ring of fire (right hand)
 o - a ring of fire
 r - a +6 ring of strength (left hand)
 A - a ring of magical power
 B - a ring of positive energy
 H - a ring of positive energy
 I - a ring of see invisible
Wands
 j - a wand of digging (5)
 q - a wand of acid (14)
 u - a wand of flame (16)
 v - a wand of charming (9)
 x - a wand of iceblast (3)
 D - a wand of mindburst (8)
 O - a wand of paralysis (5)
Scrolls
 d - a scroll of amnesia
 e - 4 scrolls of teleportation
 k - a scroll of immolation {unknown}
 p - 3 scrolls of enchant weapon
 s - 2 scrolls of poison
 F - a scroll of blinking {unknown}
 G - a scroll of vulnerability {unknown}
 J - a scroll of noise {unknown}
 K - a scroll of enchant armour
 N - a scroll of fog {unknown}
Potions
 b - a potion of ambrosia
 c - 2 potions of brilliance
 h - a potion of curing
 i - a potion of mutation
 n - 2 potions of lignification
 w - a potion of berserk rage {unknown}
 z - a potion of magic {unknown}
 E - a potion of flight {unknown}
 L - a potion of resistance {unknown}
 M - a potion of might


   Skills:
 + Level 8.6 Fighting
 + Level 7.5 Short Blades
 + Level 7.5 Armour
 + Level 7.3 Dodging
 + Level 10.7 Invocations


You had 10 spell levels left.
You didn't know any spells.
Your spell library contained the following spells:

 Spells                   Type           Power      Damage    Failure   Level
 Corpse Rot               Necr/Air       0%         N/A       100%        2
 Ensorcelled Hibernation  Hex/Ice        0%         N/A       100%        2
 Static Discharge         Conj/Air       0%         N/A       100%        2
 Ozocubu's Armour         Ice            0%         N/A       100%        3
 Spider Form              Tmut/Pois      0%         N/A       100%        3
 Anguish                  Hex/Necr       0%         N/A       100%        4
 Dispel Undead            Necr           0%         3d6       100%        4
 Lightning Bolt           Conj/Air       0%         1d11      100%        5
 Metabolic Englaciation   Hex/Ice        0%         N/A       100%        5
 Death Channel            Necr           0%         N/A       100%        6
 Simulacrum               Ice/Necr       0%         N/A       100%        6
 Maxwell's Capacitive Co  Air            0%         ∞         100%        8


Dungeon Overview and Level Annotations

Branches:
Dungeon (11/15)            Temple (1/1) D:4            Lair (0/6) D:11
    Orc: D:9-12

Altars:
Dithmenos
Elyvilon
Gozag
Hepliaklqana
Kikubaaqudgha
Makhleb
Nemelex Xobeh
Okawaru
Qazlal
Ru
Sif Muna
Trog
Uskayaw
Vehumet
Wu Jian
Xom
Yredelemnul
Zin
The Shining One

Shops:
D:9 (   D:11 =


Innate Abilities, Weirdness & Mutations

You have a pair of antennae on your head.
You are completely covered in slimy green scales. (AC +4, rPois)
You are completely covered in sharp spines.


Message History

The six-headed hydra is heavily wounded.
The six-headed hydra is struck by your spines.
The six-headed hydra bites you!
* * * LOW HITPOINT WARNING * * *
The six-headed hydra barely misses you.
The six-headed hydra bites you but does no damage. x2
The six-headed hydra closely misses you.
The six-headed hydra bites you but does no damage.
Okay, then.
You hit the six-headed hydra.
The six-headed hydra is heavily wounded.
The six-headed hydra bites you.
* * * LOW HITPOINT WARNING * * *
The six-headed hydra bites you.
* * * LOW HITPOINT WARNING * * *
The six-headed hydra bites you but does no damage. x3
The six-headed hydra bites you.
* * * LOW HITPOINT WARNING * * *
Unknown command.
You completely miss the six-headed hydra.
The six-headed hydra is heavily wounded.
You hit the six-headed hydra.
The six-headed hydra is severely wounded.
The six-headed hydra barely misses you.
The six-headed hydra bites you but does no damage.
The six-headed hydra bites you!
* * * LOW HITPOINT WARNING * * *
The six-headed hydra closely misses you.
You block the six-headed hydra's attack.
The six-headed hydra bites you but does no damage.
As you read the scroll of teleportation, it crumbles to dust.
You feel strangely unstable.
The six-headed hydra is struck by your spines.
The six-headed hydra bites you but does no damage.
The six-headed hydra barely misses you.
The six-headed hydra bites you but does no damage.
The six-headed hydra bites you.
* * * LOW HITPOINT WARNING * * *
The six-headed hydra barely misses you. The six-headed hydra bites you!
You die...

#..# #............#
+....... #.##
#............#
#......> #.#
#..P.........#
#....... #.#
#.♣≈P........#
#....... #.#
#.♣≈≈.#+##### ########
#.# #.≈≈≈.#..# #.#
#..#≈..##.# .. #.#
#.##..###D##### ###
#)# #.. #.#...@....#
##)####.# #.#........#
..)..##.# #.#.†......#
.....##.#
#..........'..
.....##.#
##.........##.
.....##.# #.....)....#
.....##.# #.#........#
.....##.###.#........#
.....'......'........#


You could see a six-headed hydra.

Vanquished Creatures
  Harold (D:9)
  A boulder beetle (D:8)
  A hydra (D:11)
  2 two-headed ogres
  Pikel (D:6)
  A gargoyle (D:10)
  2 trolls
  A hornet (D:8)
  A wraith (D:11)
  A basilisk (D:11)
  3 wyverns
  2 steam dragons
  Edmund (D:6)
  2 water moccasins (D:7)
  3 orc warriors
  2 black bears
  3 ice beasts
  A sky beast (D:7)
  3 ogres (D:6)
  9 centaurs
  A lemure (D:6)
  A phantom (D:7)
  3 bullfrogs
  A kobold brigand (D:9)
  A gnoll sergeant (D:9)
  3 necrophages
  6 scorpions
  11 killer bees
  4 howler monkeys
  3 hounds
  2 jellies (D:6)
  4 orc priests
  Jessica (D:3)
  4 iguanas
  7 orc wizards
  4 gnolls (D:9)
  3 adders
  3 white imps
  An ufetubus (D:6)
  4 worms
  2 dart slugs
  29 orcs
  5 bats
  7 endoplasms
  2 giant cockroaches
  8 goblins
  6 hobgoblins
  8 jackals
  3 quokkas (D:1)
  5 ball pythons
  A frilled lizard (D:3)
  13 kobolds
  A rat (D:3)
198 creatures vanquished.

Vanquished Creatures (others)
  14 plants
14 creatures vanquished.

Grand Total: 212 creatures vanquished

Notes
Turn   | Place    | Note
-------+----------+-------------------------------------------
     0 | Abyss:1  | hquester the Demonspawn Abyssal Knight began the quest for
                  | the Orb.
     0 | Abyss:1  | Reached XP level 1. HP: 18/18 MP: 2/2
    48 | Abyss:1  | Noticed a large abomination
    49 | D:1      | Escaped the Abyss
   143 | D:1      | Reached skill level 1 in Dodging
   156 | D:1      | Reached ** piety under Lugonu
   193 | D:1      | Gained mutation: You are partially covered in sharp spines.
                  | [demonic ancestry]
   193 | D:1      | Reached XP level 2. HP: 15/24 MP: 4/4
   842 | D:2      | Reached skill level 3 in Invocations
   842 | D:2      | Gained mutation: You have a pair of small antennae on your
                  | head. [demonic ancestry]
   842 | D:2      | Reached XP level 3. HP: 20/29 MP: 5/5
   970 | D:2      | Found a hide-covered altar of Uskayaw.
  1901 | D:3      | Gained mutation: You are partially covered in slimy green
                  | scales. (AC +2) [demonic ancestry]
  1901 | D:3      | Reached XP level 4. HP: 10/35 MP: 6/6
  2288 | D:3      | Noticed Jessica
  2292 | D:3      | Killed Jessica
  2602 | D:3      | Reached *** piety under Lugonu
  3164 | D:4      | Noticed a scorpion
  3195 | D:4      | Killed a scorpion
  3196 | D:4      | Gained mutation: You are mostly covered in sharp spines.
                  | [demonic ancestry]
  3196 | D:4      | Reached XP level 5. HP: 21/42 MP: 7/7
  3243 | D:4      | Reached skill level 4 in Invocations
  3436 | D:4      | Reached XP level 6. HP: 34/48 MP: 9/9
  3717 | D:4      | Found a staircase to the Ecumenical Temple.
  3846 | D:4      | Found an opulent altar of Gozag.
  4351 | Temple   | Entered the Ecumenical Temple
  4437 | D:5      | Entered Level 5 of the Dungeon
  4625 | D:5      | Gained mutation: You are mostly covered in slimy green
                  | scales. (AC +3) [demonic ancestry]
  4625 | D:5      | Reached XP level 7. HP: 54/55 MP: 10/10
  4751 | D:5      | Reached skill level 5 in Invocations
  5481 | D:6      | Reached skill level 5 in Fighting
  5508 | D:6      | Reached XP level 8. HP: 59/62 MP: 12/12
  5514 | D:6      | Reached skill level 6 in Invocations
  5652 | D:6      | Noticed Edmund
  5670 | D:6      | Killed Edmund
  5692 | D:6      | Reached **** piety under Lugonu
  5881 | D:6      | Noticed Pikel
  5905 | D:6      | Killed Pikel
  5906 | D:6      | Reached skill level 5 in Short Blades
  5906 | D:6      | Reached skill level 5 in Armour
  5906 | D:6      | Reached skill level 7 in Invocations
  5914 | D:6      | Gained mutation: You have a pair of antennae on your head.
                  | [demonic ancestry]
  5914 | D:6      | Reached XP level 9. HP: 26/69 MP: 14/14
  6582 | D:7      | Reached skill level 5 in Dodging
  7117 | D:7      | Reached skill level 8 in Invocations
  7240 | D:7      | Noticed a two-headed ogre
  7268 | D:7      | Killed a two-headed ogre
  7666 | D:8      | Gained mutation: You are completely covered in sharp
                  | spines. [demonic ancestry]
  7666 | D:8      | Reached XP level 10. HP: 72/79 MP: 16/16
  7717 | D:8      | Noticed a boulder beetle
  7738 | D:8      | Killed a boulder beetle
  7739 | D:8      | Reached skill level 9 in Invocations
  8135 | D:8      | Noticed a two-headed ogre
  8145 | D:8      | Killed a two-headed ogre
  8664 | D:8      | Found a stormy altar of Qazlal.
  9248 | D:9      | Reached skill level 10 in Invocations
  9418 | D:9      | Noticed a fire dragon
  9634 | D:9      | Reached ***** piety under Lugonu
  9883 | D:10     | Entered Level 10 of the Dungeon
 10279 | D:10     | Found an ancient bone altar of Kikubaaqudgha.
 10299 | D:10     | Found a burning altar of Makhleb.
 10300 | D:10     | Noticed Harold
 10318 | D:9      | Found Koig's Antique Weapon Boutique.
 10335 | D:9      | Killed Harold
 10336 | D:9      | Gained mutation: You are completely covered in slimy green
                  | scales. (AC +4, rPois) [demonic ancestry]
 10336 | D:9      | Reached XP level 11. HP: 11/87 MP: 18/18
 10691 | D:10     | Found a bloodstained altar of Trog.
 12052 | D:11     | Noticed a five-headed hydra
 12061 | D:11     | Found a staircase to the Lair.
 12296 | D:11     | Found Ymyzecraet's One-of-a-Kind Rings.
 12810 | D:11     | Killed a five-headed hydra
 12818 | D:11     | Noticed a six-headed hydra
 12826 | D:11     | HP: 3/87 [six-headed hydra (6)]
 12826 | D:11     | Mangled by a six-headed hydra

Illustrated notes

Levels and vault maps discovered:
D:1:      roderic_crossed_star, layout_rooms, minmay_misc_feat_ornament
D:2:      layout_basic, basic_altar, serial_glass, glass_columns_b,
          glass_columns_a
D:3:      kb_forest_paths, layout_basic, uniq_jessica
D:4:      layout_gridville, mainiacjoe_overflow_24_doors,
          minmay_temple_entry_antechambers
D:5:      layout_cave_pools, kennysheep_boxes
D:6:      layout_cave_pods, uniq_edmund, uniq_pikel
D:7:      layout_basic
D:8:      layout_loops_cross, nicolae_overflow_crystal_walls, st_stairs_2
D:9:      layout_rooms, gammafunk_temple_overflow_claw,
          mainiacjoe_overflow_concentric_impassable, serial_shops,
          kennysheep_little_box
D:10:     layout_grid_maze, trog_book, mainiacjoe_overflow_tiny_flanked,
          bloody_makhleb, uniq_harold
D:11:     layout_roguey, lair_entry_dummy, serial_bayou, serial_bayou_pond_d,
          serial_bayou_pond_a, serial_bayou_pond_c, serial_bayou_shore_b,
          nicolae_shop_unique_rings, minmay_crystal_room
Temple:   cyrus_circular_temple

Skill      XL: |  1  2  3  4  5  6  7  8  9 10 |
---------------+-------------------------------+-----
Dodging        | 1 2 3 4 5 7 |  7.3
Short Blades   | 2 3 4 5 6 7 |  7.5
Armour         | 2 3 4 5 6 7 |  7.5
Invocations    | 3 4 5 7 8 10 | 10.7
Fighting       | 4 5 6 7 8 |  8.6

Action                   |  1- 3 |  4- 6 |  7- 9 | 10-12 || total
-------------------------+-------+-------+-------+-------++-------
Melee: Short sword       |    31 |       |       |       ||    31
       Dagger            |    57 |   125 |   185 |   270 ||   637
       Punch             |       |     3 |     1 |       ||     4
Invok: Depart the Abyss  |     1 |       |       |       ||     1
Evoke: Wand              |       |       |       |     2 ||     2
  Use: Scroll            |     5 |     3 |     4 |     7 ||    19
       Potion            |     1 |       |       |     4 ||     5
Armor: Leather armour    |    13 |       |       |       ||    13
       Plate armour      |    12 |    55 |   104 |   147 ||   318
Dodge: Dodged            |    32 |    19 |    44 |    97 ||   192
Block: Buckler           |       |       |    19 |    52 ||    71

Table legend: (Time is in decaauts)
 A = Elapsed time spent in this place.
 B = Non-inter-level travel time spent in this place.
 C = Inter-level travel time spent in this place.
 D = Time resting spent in this place.
 E = Time spent auto-exploring this place.
 F = Levels seen in this place.
 G = Mean time per level.
                   A        B        C        D        E       F      G
               +--------+--------+--------+--------+--------+-----+--------+
         Total |  12691 |  12332 |    359 |   2796 |   7373 |  13 |  976.2 |
       Dungeon |  12590 |  12241 |    349 |   2796 |   7292 |  11 | 1144.5 |
        Temple |     51 |     42 |      9 |      0 |     34 |   1 |   51.0 |
         Abyss |     49 |     49 |      0 |      0 |     47 |   1 |   49.0 |
               +--------+--------+--------+--------+--------+-----+--------+

Top non-repeatable levels by time:
    D:10: 1959 daAuts
     D:8: 1650 daAuts
     D:6: 1399 daAuts
     D:3: 1392 daAuts
     D:4: 1265 daAuts
     D:7: 1068 daAuts
     D:2: 1023 daAuts
    D:11: 932 daAuts
     D:5: 697 daAuts
     D:1: 639 daAuts
     D:9: 562 daAuts
  Temple: 51 daAuts
 Abyss:1: 49 daAuts
